 Dungeon Crawl Stone Soup version 0.19.1-1-g22dce08 (webtiles) character file.

14424 esteth the Severer (level 11, -3/95 HPs)
             Began as a Minotaur Fighter on Dec 31, 2016.
             Was a High Priest of Makhleb.
             Slain by Vajrapani's ghost (27 damage)
             ... on level 2 of the Lair of Beasts.
             The game lasted 01:07:18 (14865 turns).

esteth the Severer (Minotaur Fighter)              Turns: 14865, Time: 01:07:18

Health: -3/95      AC: 10    Str: 38    XL:     11   Next: 88%
Magic:  17/17      EV: 10    Int:  5    God:    Makhleb [*****.]
Gold:   747        SH:  0    Dex: 17    Spells: 0 memorised, 10 levels left

rFire  + . .     SeeInvis .     w - +4 flail (holy)
rCold  . . .     Gourm    .     b - +1 ring mail of the Equinox {Str+7 Dex+7}
rNeg   . . .     Faith    .     (no shield)
rPois  .         Spirit   .     (helmet restricted)
rElec  .         Reflect  .     r - +0 cloak
rCorr  .         Harm     +     y - +0 pair of gloves
MR     .....     NoTele   +     (no boots)
Stlth  +.........               T - amulet "Ehital" {Harm -Tele *Drain +Inv rC+ Str+4}
                                D - ring of fire
                                t - +3 ring of strength

@: no status effects
A: retaliatory headbutt, horns 2
a: Minor Destruction, Lesser Servant of Makhleb, Major Destruction, Greater
Servant of Makhleb, Renounce Religion, Evoke Invisibility


You were on level 2 of the Lair of Beasts.
You worshipped Makhleb.
Makhleb was extremely pleased with you.
You were not hungry.

You visited 2 branches of the dungeon, and saw 13 of its levels.
You also visited: Labyrinth.

You collected 747 gold pieces.

Inventory:

Hand Weapons
 a - a +0 war axe
 w - a +4 flail of holy wrath (weapon)
 x - a +0 great sword of holy wrath
 F - a +2 halberd of holy wrath
 I - a +5 spear
Armour
 b - the +1 ring mail of the Equinox (worn) {Str+7 Dex+7}
   (You found it in a labyrinth)

   It affects your strength (+7).
   It affects your dexterity (+7).
 c - a +0 shield
 r - a +0 cloak (worn)
 u - a +4 plate armour
 y - a +0 pair of gloves (worn)
Jewellery
 g - an uncursed ring of magical power
 p - an uncursed amulet of rage
 t - a +3 ring of strength (left hand)
 D - a ring of fire (right hand)
 T - the amulet "Ehital" (around neck) {Harm -Tele *Drain +Inv rC+ Str+4}
   (You found it in a labyrinth)

   [amulet of harm]

   It increases damage dealt and taken.
   It affects your strength (+4).
   It protects you from cold.
   It lets you turn invisible.
   It prevents most forms of teleportation.
   It causes draining when unequipped.
Wands
 P - a wand of digging (0/24)
 Q - a wand of acid (4/15)
 Y - a wand of flame (32/48)
Scrolls
 k - 2 scrolls of teleportation
 l - 4 scrolls of remove curse
 o - 4 scrolls of amnesia
 s - 3 scrolls of fog
 J - 2 scrolls of blinking
 K - a scroll of fear
 N - a scroll of enchant weapon
 U - a scroll of magic mapping
 X - a scroll of enchant armour
Potions
 d - 2 potions of cancellation
 i - 7 potions of curing
 n - 2 potions of mutation {unknown}
 q - a potion of flight {unknown}
 v - 5 potions of lignification {unknown}
 z - 4 potions of magic {unknown}
 B - a potion of resistance {unknown}
 C - 3 potions of might
 H - 2 potions of brilliance {unknown}
 M - 2 potions of haste {unknown}
 W - a potion of heal wounds {unknown}
Books
 e - a book of Cantrips

   Spells                             Type                      Level
   a - Confusing Touch                Hexes                        1
   b - Animate Skeleton               Necromancy                   1
   c - Summon Small Mammal            Summoning                    1
   d - Apportation                    Translocation                1
Miscellaneous
 V - a phantom mirror
Comestibles
 f - 3 bread rations
 h - 5 beef jerkies
 j - 5 meat rations


   Skills:
 + Level 8.8 Fighting
 - Level 15.6 Axes
 - Level 7.8 Armour
 - Level 3.6 Shields
 + Level 10.4 Invocations


You had 10 spell levels left.
You didn't know any spells.

Dungeon Overview and Level Annotations

Branches:
Dungeon (11/15)            Temple (0/1) D:6            Lair (2/6) D:11
    Orc (0/2) D:11
  Swamp: Lair:2-4    Shoals: Lair:2-4     Snake: Lair:2-4    Spider: Lair:2-4

Altars:
Gozag
Makhleb
Okawaru
Qazlal
Yredelemnul
Zin

Shops:
D:8 *

Annotations:
Lair:2 3 exclusions, Vajrapani's ghost, journeyman TrFi


Innate Abilities, Weirdness & Mutations

You reflexively headbutt those who attack you in melee.
You have a pair of horns on your head.


Message History

No target in view!
You see here a spiny frog corpse.
You butcher the spiny frog corpse.
You see here 3 inedible chunks of flesh.
Vajrapani's ghost turns its malevolent gaze towards you.
Vajrapani's ghost is too close now for your liking.
Vajrapani's ghost hits you!!
Vajrapani's ghost hits you but does no damage.
There is a stone staircase leading up here.
You barely miss Vajrapani's ghost. Your headbutt misses Vajrapani's ghost.
Vajrapani's ghost feints to the right.
Vajrapani's ghost hits you!
You hit Vajrapani's ghost.
Vajrapani's ghost convulses!
You headbutt Vajrapani's ghost.
Vajrapani's ghost is lightly damaged.
Vajrapani's ghost hits you!!
* * * LOW HITPOINT WARNING * * *
All of the chunks of flesh in your inventory have rotted away.
Vajrapani's ghost hits you!!
You die...

##...........##
#.............# ..
#............## ##..#
#............# ###....#
##.......#...# ##..#..#
##.###P###...##......##
### #####...#.......P#
P...##........##
##...#..@.......# #
###.......W.......##..
#P.#...............P..
##.....................
#......................
#(##............†.........
P.........................
....#.....................
#.......................


You could see Vajrapani's ghost.

Vanquished Creatures
  A minotaur (Lab)
  A hydra (D:10)
  An unseen horror (D:10)
  A hill giant (D:10)
  A cyclops (D:11)
  2 spiny frogs
  A troll (D:11)
  A hornet (D:7)
  3 blink frogs (Lair:1)
  4 hippogriffs
  Sigmund (D:6)
  2 redbacks (Lab)
  A wyvern (D:10)
  A wraith (D:10)
  17 yaks
  A basilisk (Lair:1)
  A steam dragon (D:11)
  A hungry ghost (D:8)
  A mottled dragon (D:11)
  2 wargs (D:11)
  3 water moccasins
  A black bear (D:11)
  3 porcupines
  An orc warrior (D:11)
  A necrophage (D:10)
  3 phantoms
  A sky beast (D:5)
  3 ogres
  9 centaurs
  4 crocodiles
  4 bullfrogs
  3 big kobolds
  A gnoll sergeant (D:8)
  3 scorpions
  3 killer bees (D:11)
  5 wights (D:10)
  2 howler monkeys (D:8)
  7 crimson imps
  A bullfrog zombie (D:10)
  6 hounds
  5 orc priests
  Natasha (thrice) (D:2)
  5 iguanas
  4 orc wizards
  7 worker ants
  2 hound zombies
  A hound skeleton (D:4)
  A mummy (D:10)
  2 worker ant zombies
  5 gnolls (D:8)
  A howler monkey skeleton (D:4)
  13 adders
  A river rat (D:11)
  3 shadow imps
  An ooze (D:3)
  An adder zombie (D:8)
  2 adder skeletons
  3 worms
  3 dart slugs
  3 leopard geckos
  17 orcs
  18 bats
  4 giant cockroaches
  2 gnoll zombies (D:6)
  6 goblins
  10 hobgoblins
  2 jackals (D:8)
  28 kobolds
  6 quokkas
  3 ball pythons
  4 frilled lizards
  A quokka skeleton (D:4)
  8 rats
283 creatures vanquished.

Vanquished Creatures (collateral kills)
  6 yaks (D:11)
6 creatures vanquished.

Vanquished Creatures (others)
  5 fungi (D:11)
  A plant (D:11)
6 creatures vanquished.

Grand Total: 295 creatures vanquished

Notes
Turn   | Place    | Note
-------+----------+-------------------------------------------
     0 | D:1      | esteth the Minotaur Fighter began the quest for the Orb.
     0 | D:1      | Reached XP level 1. HP: 19/19 MP: 0/0
   226 | D:1      | Reached skill level 3 in Axes
   250 | D:1      | Reached XP level 2. HP: 27/27 MP: 1/1
   995 | D:2      | Reached skill level 4 in Axes
  1032 | D:2      | Noticed Natasha
  1035 | D:2      | Killed Natasha
  1035 | D:2      | Reached XP level 3. HP: 33/33 MP: 2/2
  1117 | D:2      | Found a burning altar of Makhleb.
  1117 | D:2      | Noticed a balrug
  1120 | D:2      | Noticed a hellwing
  1120 | D:2      | Noticed a ynoxinul
  1122 | D:2      | Became a worshipper of Makhleb the Destroyer
  1245 | D:2      | Noticed Natasha
  1251 | D:2      | Killed Natasha
  1251 | D:2      | Reached skill level 5 in Axes
  1251 | D:2      | Reached XP level 4. HP: 40/40 MP: 3/3
  1343 | D:2      | Reached skill level 1 in Invocations
  1537 | D:2      | Noticed Natasha
  1543 | D:2      | Killed Natasha
  1867 | D:3      | Reached XP level 5. HP: 46/46 MP: 5/5
  1960 | D:3      | Reached * piety under Makhleb
  2342 | D:4      | Found a stormy altar of Qazlal.
  2384 | D:4      | Reached skill level 6 in Axes
  2573 | D:4      | Reached XP level 6. HP: 47/52 MP: 7/7
  2988 | D:5      | Entered Level 5 of the Dungeon
  3142 | D:5      | Reached ** piety under Makhleb
  3184 | D:5      | Noticed a sky beast
  3200 | D:5      | Killed a sky beast
  3200 | D:5      | Reached skill level 7 in Axes
  3237 | D:5      | Reached XP level 7. HP: 58/58 MP: 9/9
  3744 | D:5      | Reached skill level 8 in Axes
  3806 | D:5      | Reached skill level 5 in Invocations
  4194 | D:6      | Reached XP level 8. HP: 41/66 MP: 11/11
  4307 | D:6      | Noticed a hippogriff
  4311 | D:6      | Killed a hippogriff
  4311 | D:6      | Reached skill level 9 in Axes
  4538 | D:6      | Noticed Sigmund
  4542 | D:6      | Killed Sigmund
  4773 | D:6      | Found a staircase to the Ecumenical Temple.
  4913 | D:6      | Found an iron altar of Okawaru.
  5068 | D:6      | Found a basalt altar of Yredelemnul.
  5140 | D:7      | Reached *** piety under Makhleb
  5339 | D:7      | Reached skill level 10 in Axes
  5594 | D:7      | Noticed a hornet
  5603 | D:7      | Killed a hornet
  5603 | D:7      | Reached XP level 9. HP: 45/71 MP: 13/13
  6086 | D:8      | Reached skill level 11 in Axes
  6086 | D:8      | Reached skill level 5 in Armour
  6294 | D:8      | Found Zin's Purification Station.
  6297 | D:8      | Found a glowing silver altar of Zin.
  6515 | D:9      | Found an opulent altar of Gozag.
  6583 | D:9      | Reached **** piety under Makhleb
  6903 | D:10     | Entered Level 10 of the Dungeon
  6994 | D:10     | Reached skill level 5 in Fighting
  6994 | D:10     | Reached skill level 12 in Axes
  7058 | D:10     | Noticed a four-headed hydra
  7068 | D:10     | Killed a four-headed hydra
  7068 | D:10     | Reached XP level 10. HP: 84/84 MP: 14/14
  7624 | D:10     | Noticed a hill giant
  7633 | D:10     | Killed a hill giant
  7633 | D:10     | Reached skill level 13 in Axes
  7686 | D:10     | Killed an unseen horror
  8118 | D:11     | Reached ***** piety under Makhleb
  8317 | D:11     | Reached skill level 14 in Axes
  8475 | D:11     | Reached XP level 11. HP: 88/95 MP: 16/16
  8518 | D:11     | Found a staircase to the Orcish Mines.
  8600 | D:11     | Noticed a wolf spider
  9064 | D:11     | Found a staircase to the Lair.
  9157 | Lair:1   | Entered Level 1 of the Lair of Beasts
  9354 | Lair:1   | Reached skill level 15 in Axes
  9706 | Lair:1   | Found a labyrinth entrance.
  9717 | Lab      | Entered a labyrinth
 14134 | Lab      | Noticed a minotaur
 14144 | Lab      | Killed a minotaur
 14144 | Lab      | Reached skill level 10 in Invocations
 14154 | Lab      | Got a sparkling steel ring
 14154 | Lab      | Got a fine sapphire amulet
 14166 | Lab      | Got a pitted great sword
 14166 | Lab      | Got an ancient ring mail
 14176 | Lab      | Identified the cursed ring of Rosy {EV-6 Str+2} (You found it in a labyrinth)
 14182 | Lab      | Identified the amulet "Ehital" {Harm -Tele *Drain +Inv rC+ Str+4} (You found it in a labyrinth)
 14190 | Lab      | Got a smoking ring mail
 14204 | Lab      | Identified the cursed +1 great sword "Dioczucu" {slice, rPois Str-4 SInv} (You found it in a labyrinth)
 14218 | Lab      | Identified the +1 ring mail of the Equinox {Str+7 Dex+7} (You found it in a labyrinth)
 14228 | Lab      | Identified the +2 ring mail of the Peasants {Str+4 Stlth+} (You found it in a labyrinth)
 14717 | Lair:2   | Noticed Vajrapani's ghost (journeyman TrFi)
 14723 | Lair:2   | Noticed a green death
 14865 | Lair:2   | Slain by Vajrapani's ghost

Skill      XL: |  1  2  3  4  5  6  7  8  9 10 11 |
---------------+----------------------------------+-----
Axes           | 3 4 5 6 7 8 10 12 14 15 | 15.6
Invocations    | 1 3 4 5 7 8 10 | 10.4
Armour         | 6 7 |  7.8
Fighting       | 6 8 |  8.8
Shields        | |  3.6

Action                   |  1- 3 |  4- 6 |  7- 9 | 10-12 || total
-------------------------+-------+-------+-------+-------++-------
Melee: War axe           |    22 |       |       |       ||    22
       Headbutt          |     7 |    22 |    54 |   119 ||   202
       Whip              |    31 |   217 |   279 |   403 ||   930
       Flail             |       |       |       |    19 ||    19
Invok: Minor Destruction |       |       |     8 |       ||     8
       Lesser Servant of |       |       |       |     2 ||     2
       Greater Servant o |       |       |       |     1 ||     1
 Abil: Evoke Berserk Rag |       |     2 |     1 |       ||     3
Evoke: Wand              |       |       |       |     5 ||     5
  Use: Scroll            |     7 |     4 |    10 |     8 ||    29
       Potion            |       |     1 |       |     2 ||     3
 Stab: Distracted        |       |       |       |     1 ||     1
  Eat: Chunk             |     1 |     8 |    12 |    11 ||    32
       Bread ration      |       |       |     1 |     2 ||     3
       Meat ration       |       |       |       |     1 ||     1
Armor: Scale mail        |    23 |       |       |       ||    23
       Chain mail        |     1 |   115 |     3 |       ||   119
       Plate armour      |       |       |   126 |   231 ||   357
       Ring mail         |       |       |       |     8 ||     8
Dodge: Dodged            |    12 |    47 |    53 |    54 ||   166
Block: Shield            |    21 |    91 |   133 |   175 ||   420
